 Dungeon Crawl Stone Soup version 0.29.0-4-gdea44cf6ec (webtiles) character file.

Game seed: 1304336503488278316

252 qw the Chopper (level 6, 0/35 HPs)
             Began as a Tengu Warper on Aug 28, 2022.
             Slain by Prince Ribbit (5 damage)
             ... on level 7 of the Dungeon.
             The game lasted 00:00:23 (4193 turns).

qw the Chopper (Tengu Warper)                       Turns: 4193, Time: 00:00:23

Health: 0/35       AC:  8    Str: 13    XL:     6   Next: 14%
Magic:  10/10      EV: 13    Int: 14    God:
Gold:   118        SH:  0    Dex: 13    Spells: 9/9 levels left

rFire   . . .      SeeInvis .   Y - +2 hand axe
rCold   . . .      Faith    .   (no shield)
rNeg    . . .      Spirit   .   s - +0 acid dragon scales
rPois   .          Reflect  .   (helmet restricted)
rElec   .          Harm     .   j - +0 cloak
rCorr   +          Rampage  .   b - +0 pair of gloves
Will    .....                   (boots unavailable)
Stlth   +.........              (no amulet)
HPRegen 0.11/turn               (no ring)
MPRegen 0.12/turn               (no ring)

@: flying quickly and evasively, quick
A: beak, talons 3, nimble flight
a: no special abilities


You were on level 7 of the Dungeon.
You visited 2 branches of the dungeon, and saw 7 of its levels.

You collected 118 gold pieces.


Innate Abilities, Weirdness & Mutations

You have a beak for a mouth.
You have claws for feet.
Your magical nature lets you fly swiftly and evasively.


   Skills:
 - Level 2.0 Fighting
 + Level 6.9 Axes
 - Level 1.0 Throwing
 - Level 1.1 Armour
 - Level 2.1 Dodging
 - Level 2.0 Spellcasting
 - Level 2.4 Translocations


You had 9 spell levels left.
You didn't know any spells.
Your spell library contained the following spells:

 Spells                   Type           Power      Damage    Failure   Level
 Blink                    Tloc           16%        N/A       21%         2
 Gell's Gravitas          Tloc           8%         N/A       36%         3
 Lesser Beckoning         Tloc           8%         N/A       36%         3
 Teleport Other           Tloc           8%         N/A       36%         3
 Manifold Assault         Tloc           8%         N/A       98%         5

Inventory:

Hand Weapons
 c - a +0 mace of protection
 Y - a +2 hand axe (weapon)
Armour
 b - a +0 pair of gloves (worn)
 j - a +0 cloak (worn)
 s - +0 acid dragon scales (worn)
Scrolls
 q - 2 scrolls of teleportation
Potions
 a - 3 potions of brilliance {unknown}
 d - 2 potions of curing
 f - 2 potions of heal wounds
 k - a potion of might {unknown}
 l - a potion of invisibility {unknown}
 m - a potion of ambrosia {unknown}
 o - a potion of resistance {unknown}
 p - 2 potions of cancellation

Dungeon Overview and Level Annotations

Branches:
Dungeon (7/15)             Temple (1/1) D:7

Altars:
Ashenzari
Cheibriados
Dithmenos
Elyvilon
Fedhas
Gozag
Kikubaaqudgha
Qazlal
Ru
Uskayaw
Vehumet
Wu Jian
Xom
Zin

Annotations:
D:7 Prince Ribbit


Message History

Existing waypoints: (1) Temple (2) D:7 Assign waypoint to what number? (0-9, D - delete waypoint) Waypoint 1 re-assigned from Temple to D:6.
Enter note: You start resting.
HP restored.
Found a shimmering altar of Xom.
There is a shimmering altar of Xom here.
Done exploring.
Press < or > to pray at altars.
Press < or > to pray at altars.
Press < or > to pray at altars.
Press < or > to pray at altars.
Press < or > to pray at altars.
Press < or > to pray at altars.
Press < or > to pray at altars.
(D) Dungeon (T) Temple
Where to? (* - list waypoints, Enter - D:7, ? - help)
What level of the Dungeon? (default 1, ? - help) Press < or > to pray at altars.
There is a stone staircase leading down here.
You fly downwards.
Level annotation: Prince Ribbit Prince Ribbit blinks!
There is a stone staircase leading up here.
Prince Ribbit blinks!
a - 3 pink potions (gained 2) Prince Ribbit blinks!
Prince Ribbit is nearby!
A necrophage comes into view.
Prince Ribbit hits you!
You hit Prince Ribbit. Your kick misses Prince Ribbit.
Your peck misses Prince Ribbit.
Prince Ribbit is lightly wounded.
Prince Ribbit hits you!
You closely miss Prince Ribbit. Your peck misses Prince Ribbit.
Prince Ribbit is lightly wounded.
Prince Ribbit hits you! Prince Ribbit hits you.
You die...

..... ..# .. ...##
..#. .. . #..#.
..... .# #. #...#
...#. . ...###...#
......
.........###....##
..................
.........#@F...n..
...###..<.#.......
#....##..#.#.
###.## ### ###


You could see Prince Ribbit and a necrophage.

Vanquished Creatures
  2 hounds (D:4)
  2 orc priests (D:4)
  2 adders
  3 gnolls (D:4)
  A worm (D:2)
  4 dart slugs
  6 orcs
  5 bats
  11 endoplasms
  2 giant cockroaches (D:2)
  9 goblins
  3 hobgoblins
  8 kobolds
  3 quokkas
  2 ball pythons (D:1)
  6 frilled lizards
  5 rats
74 creatures vanquished.

Notes
Turn   | Place    | Note
-------+----------+-------------------------------------------
     0 | D:1      | qw the Tengu Warper began the quest for the Orb.
     0 | D:1      | Reached XP level 1. HP: 12/12 MP: 4/4
     0 | D:1      | 0 ||| qw: Version: 0.1-a-89-g26bdef1
     0 | D:1      | 0 ||| qw: Game counter: 2966
     0 | D:1      | 0 ||| qw: Always use a shield: true
     0 | D:1      | 0 ||| qw: God list: Okawaru
     0 | D:1      | 0 ||| qw: Allow faded altars: false
     0 | D:1      | 0 ||| qw: Do Orc after D:15 true
     0 | D:1      | 0 ||| qw: Do second Lair branch before Depths: true
     0 | D:1      | 0 ||| qw: Lair rune preference: random
     0 | D:1      | 0 ||| qw: Plans: Normal
     0 | D:1      | 0 ||| PLANNING D:1-11
    67 | D:1      | 67 ||| Stepping ~*~*~tactically~*~*~ (stealth).
   172 | D:1      | HP: 3/12 [kobold/+0 dagger (3)]
   175 | D:1      | Reached XP level 2. HP: 4/17 MP: 6/6
   177 | D:1      | Reached skill level 3 in Axes
   574 | D:1      | 574 ||| Stepping ~*~*~tactically~*~*~ (stealth).
   575 | D:1      | 575 ||| Stepping ~*~*~tactically~*~*~ (stealth).
   739 | D:1      | Reached XP level 3. HP: 18/21 MP: 7/7
   790 | D:1      | 790 ||| Stepping ~*~*~tactically~*~*~ (stealth).
   802 | D:1      | 802 ||| Stepping ~*~*~tactically~*~*~ (stealth).
  1335 | D:1      | Found a faded altar of an unknown god.
  1370 | D:1      | 1370 ||| UPGRADING to +0 ring mail.
  1380 | D:1      | 1380 ||| DROPPING +0 leather armour.
  1381 | D:1      | 1381 ||| READING scroll labelled HYUS YXKAZIG.
  1382 | D:1      | 1382 ||| READING scroll labelled ITONIK SODGHA.
  1387 | D:1      | 1387 ||| DRINKING 2 bubbling emerald potions.
  1388 | D:1      | 1388 ||| DROPPING scroll of blinking.
  1434 | D:2      | 1434 ||| Stepping ~*~*~tactically~*~*~ (stealth).
  1436 | D:2      | 1436 ||| Stepping ~*~*~tactically~*~*~ (stealth).
  1442 | D:2      | Reached skill level 4 in Axes
  1464 | D:2      | 1464 ||| FLEEEEING.
  1630 | D:2      | Found a hide-covered altar of Uskayaw.
  1965 | D:2      | Reached XP level 4. HP: 25/26 MP: 8/8
  2252 | D:2      | 2252 ||| Stepping ~*~*~tactically~*~*~ (hiding).
  2541 | D:2      | 2541 ||| UPGRADING to +0 pair of gloves.
  2546 | D:2      | 2546 ||| UPGRADING to +0 cloak.
  2551 | D:2      | 2551 ||| UPGRADING to +0 scale mail.
  2561 | D:2      | 2561 ||| DROPPING +0 ring mail.
  2562 | D:2      | 2562 ||| UPGRADING to +0 acid dragon scales.
  2572 | D:2      | 2572 ||| DROPPING +0 scale mail.
  2573 | D:2      | 2573 ||| READING 2 scrolls labelled RUNIVI ZOECEUW.
  2574 | D:2      | 2574 ||| READING scroll labelled KEUVICOZIU.
  2575 | D:2      | 2575 ||| READING 2 scrolls labelled NESMINLIEROB.
  2576 | D:2      | 2576 ||| READING scroll of enchant weapon.
  2576 | D:2      | 2576 ||| ENCHANTING +1 hand axe.
  2577 | D:2      | 2577 ||| READING 2 scrolls labelled PAFUICS UW XANKAKA.
  2578 | D:2      | 2578 ||| READING scroll labelled LOYTTOI OTUIL.
  2579 | D:2      | 2579 ||| DRINKING 2 puce potions.
  2580 | D:2      | 2580 ||| DROPPING scroll of immolation.
  2581 | D:2      | 2581 ||| DROPPING scroll of noise.
  2639 | D:3      | 2639 ||| Stepping ~*~*~tactically~*~*~ (stealth).
  2665 | D:3      | 2665 ||| DROPPING +0 club.
  2816 | D:3      | 2816 ||| Stepping ~*~*~tactically~*~*~ (stealth).
  2818 | D:3      | 2818 ||| Stepping ~*~*~tactically~*~*~ (hiding).
  2838 | D:3      | Reached skill level 5 in Axes
  2899 | D:3      | 2899 ||| DROPPING +0 mace.
  2921 | D:3      | Found a broken altar of Ashenzari.
  3206 | D:3      | 3206 ||| DROPPING +6 ring of intelligence.
  3207 | D:3      | 3207 ||| READING 2 scrolls labelled HERIOMA ERAHAO.
  3208 | D:3      | 3208 ||| DRINKING 2 inky potions.
  3209 | D:3      | 3209 ||| DROPPING scroll of amnesia.
  3270 | D:4      | Gained mutation: Your magical nature lets you fly swiftly
                  | and evasively. [Tengu growth]
  3270 | D:4      | Reached XP level 5. HP: 30/30 MP: 9/9
  3335 | D:4      | Found a glowing silver altar of Zin.
  3384 | D:4      | HP: 7/30 [orc priest/divine providence (9)]
  3385 | D:4      | 3385 ||| READING 5 scrolls of teleportation.
  3386 | D:4      | 3386 ||| DRINKING 3 potions of heal wounds.
  3431 | D:4      | Reached skill level 6 in Axes
  3433 | D:4      | HP: 7/30 [orc priest/+0 mace of protection (2)]
  3434 | D:4      | 3434 ||| READING 4 scrolls of teleportation.
  3435 | D:4      | 3435 ||| DRINKING 2 potions of heal wounds.
  3455 | D:4      | Reached XP level 6. HP: 25/35 MP: 10/10
  3459 | D:4      | 3459 ||| FLEEEEING.
  3460 | D:4      | 3460 ||| FLEEEEING.
  3463 | D:4      | 3463 ||| FLEEEEING.
  3464 | D:4      | 3464 ||| STAIRDANCE
  3565 | D:4      | 3565 ||| DROPPING +1 whip of draining.
  3715 | D:4      | You are sucked into a shaft and drop 3 floors!
  3721 | D:7      | Found a staircase to the Ecumenical Temple.
  3722 | D:7      | 3722 ||| PLANNING TEMPLE
  3728 | Temple   | Entered the Ecumenical Temple
  3910 | Temple   | 3910 ||| PLANNING D:1-11
  3972 | D:7      | Noticed Prince Ribbit
  3979 | D:7      | Noticed an ice beast
  3987 | D:7      | HP: 7/35 [ice beast (7)]
  3988 | D:7      | 3988 ||| READING 3 scrolls of teleportation.
  3989 | D:7      | 3989 ||| DRINKING 3 potions of heal wounds.
  4067 | D:7      | 4067 ||| FLEEEEING.
  4068 | D:7      | 4068 ||| STAIRDANCE
  4164 | D:6      | Found a shimmering altar of Xom.
  4193 | D:7      | HP: 5/35 [Prince Ribbit (8)]
  4193 | D:7      | Slain by Prince Ribbit

Levels and vault maps discovered:
D:1:      mrwooster_arrival_statue_2, layout_loops_corners,
          dilly_ecumenical_altar_fadedgnrine
D:2:      layout_loops_corners, basic_altar, minmay_split_cup_small
D:3:      layout_loops_ring, evilmike_ruin_ashenzari
D:4:      minmay_goblin_kobold_castle, layout_basic, zin_scriptorium,
          mainiacjoe_overflow_surrounded_room
D:6:      layout_basic, bloody_trog, nicolae_overflow_hidden_temple
D:7:      layout_cave_pools, nicolae_sif_muna_condensation,
          minmay_temple_entry_arrows, uniq_maggie, uniq_joseph,
          uniq_prince_ribbit1
Temple:   jpeg_temple_alley_garden

Skill      XL: |  1  2  3  4  5 |
---------------+----------------+-----
Axes           | 3 4 5 6 |  6.9
Fighting       | |  2.0
Throwing       | |  1.0
Armour         | |  1.1
Dodging        | |  2.1
Spellcasting   | |  2.0
Translocations | |  2.4

Action                   |  1- 3 |  4- 6 || total
-------------------------+-------+-------++-------
Melee: Hand axe          |    84 |    91 ||   175
       Kick              |    19 |    19 ||    38
       Peck              |    12 |    20 ||    32
       Punch             |     1 |     2 ||     3
Throw: Boomerang         |     7 |     8 ||    15
  Use: Scroll            |     2 |    10 ||    12
       Potion            |     1 |     5 ||     6
 Stab: Sleeping          |     1 |       ||     1
Armor: Leather armour    |     4 |       ||     4
       Ring mail         |    12 |     1 ||    13
       Acid dragon scale |       |    42 ||    42
Dodge: Dodged            |    41 |    58 ||    99

Table legend:
 A = Non-vault XP
 B = Vault XP
 C = Vault XP percentage of total XP
 D = Non-vault monster count
 E = Vault monster count
 F = Vault count percentage of total count
                 A         B        C        D         E       F
            +---------+---------+-------+---------+---------+-------
      Total |     347 |      14 |   3.9 |      66 |       8 |  10.8
            +---------+---------+-------+---------+---------+-------
        D:1 |      39 |       0 |   0.0 |      23 |       0 |   0.0
        D:2 |      52 |       4 |   7.1 |      20 |       3 |  13.0
        D:3 |      34 |       0 |   0.0 |      11 |       0 |   0.0
        D:4 |     222 |      10 |   4.3 |      12 |       5 |  29.4
            +---------+---------+-------+---------+---------+-------
